 Seeded DCSS version 0.27.1-3-gb3d3a73c9e (webtiles) character file.

Game seed: 17853175367328873602 (custom seed)

42 oldmanjim the Gusty (level 3, -3/28 HPs)
             Began as a Gnoll Air Elementalist on Oct 15, 2021.
             Was a Believer of Lugonu.
             Slain by a kobold (4 damage)
             ... on level 3 of the Dungeon.
             The game lasted 00:11:24 (1061 turns).

oldmanjim the Gusty (Gnoll Air Elementalist)        Turns: 1061, Time: 00:11:25

Health: -3/28      AC:  2    Str:  8    XL:     3   Next: 56%
Magic:  10/10      EV: 13    Int: 14    God:    Lugonu [**....]
Gold:   7          SH:  0    Dex: 12    Spells: 12/13 levels left

rFire    . . .     SeeInvis .     - Unarmed
rCold    . . .     Faith    .   (no shield)
rNeg     . . .     Spirit   .   a - +0 robe
rPois    .         Reflect  .   (no helmet)
rElec    .         Harm     .   (no cloak)
rCorr    .         Rampage  .   (no gloves)
Will     .....                  (no boots)
Stlth    +++.......             (no amulet)
HPRegen  0.09/turn              (no ring)
MPRegen  0.12/turn              (no ring)

@: no status effects
A: fangs 1, strong nose, distributed training
a: Renounce Religion, Depart the Abyss, Bend Space


You were on level 3 of the Dungeon.
You worshipped Lugonu.
Lugonu was pleased with you.
You visited 1 branch of the dungeon, and saw 3 of its levels.

You collected 7 gold pieces.

Inventory:

Missiles
 b - 8 stones
 d - 21 sling bullets
Armour
 a - a +0 robe (worn)
Potions
 c - a potion of ambrosia
 e - a potion of haste {unknown}


   Skills:
 + Level 2.4 Fighting
 + Level 2.4 Short Blades
 + Level 2.4 Long Blades
 + Level 2.4 Axes
 + Level 2.4 Maces & Flails
 + Level 2.4 Polearms
 + Level 2.4 Staves
 + Level 2.4 Slings
 + Level 2.4 Bows
 + Level 2.4 Crossbows
 + Level 2.4 Throwing
 + Level 2.4 Armour
 + Level 5.2 Dodging
 + Level 4.8 Stealth
 + Level 2.4 Shields
 + Level 2.4 Unarmed Combat
 + Level 5.6 Spellcasting
 + Level 2.9 Conjurations
 + Level 2.0 Hexes
 + Level 2.0 Summonings
 + Level 2.0 Necromancy
 + Level 2.0 Translocations
 + Level 2.0 Transmutations
 + Level 2.0 Fire Magic
 + Level 2.0 Ice Magic
 + Level 5.8 Air Magic
 + Level 2.0 Earth Magic
 + Level 2.0 Poison Magic
 + Level 2.6 Invocations
 + Level 2.4 Evocations


You had 12 spell levels left.
You knew the following spells:

 Your Spells              Type           Power      Damage    Failure   Level
a - Shock                 Conj/Air       64%        1d7       2%          1

Your spell library contained the following spells:

 Spells                   Type           Power      Damage    Failure   Level
 Static Discharge         Conj/Air       16%        N/A       4%          2
 Swiftness                Air            20%        N/A       4%          3
 Beastly Appendage        Tmut           18%        N/A       8%          1
 Airstrike                Air            10%        N/A       16%         4
 Iskenderun's Mystic Bla  Conj/Tloc      10%        2d4       52%         4
 Statue Form              Tmut/Erth      6%         N/A       100%        6


Dungeon Overview and Level Annotations

Branches:
Dungeon (3/15)

Altars:
Lugonu

Shops:
D:1 (=[[


Innate Abilities, Weirdness & Mutations

You have very sharp teeth.
Your uncanny sense of smell can sniff out nearby items.
Your experience applies equally to all skills.


Message History

You feel sick.
Unknown command.
You miss the kobold. You bite the kobold, but do no damage.
The kobold is moderately wounded.
You feel sick.
You are no longer poisoned.
The kobold misses you. The adder bites you but does no damage.
The giant cockroach barely misses you.
You hit the kobold. Your bite misses the kobold.
The kobold is moderately wounded.
The adder bites you but does no damage. The giant cockroach misses you.
The kobold closely misses you.
You hit the kobold but do no damage.
The kobold is moderately wounded.
The adder bites you but does no damage. The giant cockroach closely misses you.
The kobold hits you with a +0 short sword.
* * * LOW HITPOINT WARNING * * *
The adder closely misses you.
You hit the kobold but do no damage. You bite the kobold, but do no damage.
The kobold is moderately wounded.
The giant cockroach closely misses you. The kobold barely misses you.
The adder closely misses you. The giant cockroach misses you.
You hit the kobold.
The kobold is heavily wounded.
The adder bites you but does no damage.
The kobold hits you with a +0 short sword.
* * * LOW HITPOINT WARNING * * *
The giant cockroach barely misses you.
You hit the adder.
The adder is lightly wounded.
The adder bites you but does no damage.
The kobold hits you with a +0 short sword.
* * * LOW HITPOINT WARNING * * *
The giant cockroach closely misses you. The adder bites you.
* * * LOW HITPOINT WARNING * * *
You hit the giant cockroach.
The giant cockroach is moderately wounded.
The giant cockroach bites you but does no damage.
The kobold hits you with a +0 short sword.
You die...

###..........#
.............#
..#.......<..#
#..........#
#............#
..#..........###
.#......<......#
..........SKB..#
.#.##......@...#
#. ############


You could see an adder, a giant cockroach and a kobold.

Vanquished Creatures
  2 dart slugs (D:1)
  An endoplasm (D:1)
  2 giant cockroaches
  3 goblins (D:1)
  3 hobgoblins
  2 quokkas (D:1)
  5 ball pythons
  2 bats (D:1)
  5 kobolds
  3 rats (D:1)
28 creatures vanquished.

Notes
Turn   | Place    | Note
-------+----------+-------------------------------------------
     0 | D:1      | oldmanjim the Gnoll Air Elementalist began the quest for
                  | the Orb.
     0 | D:1      | Reached XP level 1. HP: 13/13 MP: 6/6
     2 | D:1      | Reached skill level 5 in Dodging
     2 | D:1      | Reached skill level 5 in Spellcasting
     2 | D:1      | Reached skill level 1 in Hexes
     2 | D:1      | Reached skill level 1 in Summonings
     2 | D:1      | Reached skill level 1 in Necromancy
     2 | D:1      | Reached skill level 1 in Translocations
     2 | D:1      | Reached skill level 1 in Transmutations
     2 | D:1      | Reached skill level 1 in Fire Magic
     2 | D:1      | Reached skill level 1 in Ice Magic
     2 | D:1      | Reached skill level 1 in Earth Magic
     2 | D:1      | Reached skill level 1 in Poison Magic
     2 | D:1      | Reached XP level 2. HP: 23/23 MP: 6/8
    25 | D:1      | Found Ymiphipywn's Antique Armour Shoppe.
    76 | D:1      | Found a faded altar of an unknown god.
   166 | D:1      | Became a worshipper of Lugonu the Unformed
   166 | D:1      | Reached * piety under Lugonu
   166 | D:1      | Reached ** piety under Lugonu
   269 | D:1      | Identified a scroll of acquirement
   269 | D:1      | Acquired the Almanac of the Thirteen Knives
   430 | D:1      | Found Edghybrae's Jewellery Shoppe.
   432 | D:1      | Found Lisolata's Antique Armour Shoppe.
   442 | D:1      | Reached XP level 3. HP: 28/28 MP: 8/10
   699 | D:1      | Found Jipnam's Antique Weapon Shoppe.
  1060 | D:3      | HP: 1/28 [adder (1)]
  1061 | D:3      | Slain by a kobold

Illustrated notes

Levels and vault maps discovered:
D:1:      psy_arrival_basics, layout_rooms, hellmonk_ecumenical_altar_run_dry,
          serial_shops, nicolae_lakefront_shop, shop, shop, shop
D:2:      minmay_chambers_of_twos, layout_basic, basic_altar,
          hangedman_decor_growths, uniq_natasha
D:3:      layout_rooms, mainiacjoe_overflow_brackets, general_overflow_altar,
          serial_shops, nicolae_shop_crystal, ebering_ghost_inner_flame,
          uniq_jessica, uniq_robin, uniq_terence

Skill      XL: |  1  2  3 |
---------------+----------+-----
Fighting       | 2 |  2.4
Short Blades   | 2 |  2.4
Long Blades    | 2 |  2.4
Axes           | 2 |  2.4
Maces & Flails | 2 |  2.4
Polearms       | 2 |  2.4
Staves         | 2 |  2.4
Slings         | 2 |  2.4
Bows           | 2 |  2.4
Crossbows      | 2 |  2.4
Throwing       | 2 |  2.4
Armour         | 2 |  2.4
Dodging        | 5 |  5.2
Shields        | 2 |  2.4
Unarmed Combat | 2 |  2.4
Spellcasting   | 5 |  5.6
Conjurations   | 2 |  2.9
Hexes          | 1 2 |  2.0
Summonings     | 1 2 |  2.0
Necromancy     | 1 2 |  2.0
Translocations | 1 2 |  2.0
Transmutations | 1 2 |  2.0
Fire Magic     | 1 2 |  2.0
Ice Magic      | 1 2 |  2.0
Earth Magic    | 1 2 |  2.0
Poison Magic   | 1 2 |  2.0
Invocations    | 2 |  2.6
Evocations     | 2 |  2.4
Stealth        | |  4.8
Air Magic      | |  5.8

Action                   || total
-------------------------++-------
Melee: Unarmed           ||    27
       Bite              ||     3
       Punch             ||     1
 Cast: Shock             ||    45
  Use: Potion            ||     3
       Scroll            ||     6
 Stab: Sleeping          ||     3
Armor: Robe              ||    14
Dodge: Dodged            ||    48
